 Dungeon Crawl Stone Soup version 0.30.0-20-g3615ddf2f0 (webtiles) character file.

Game seed: 9963870244184797462

25 qw the Shield-Bearer (level 3, 0/23 HPs)
             Began as a Gargoyle Fighter on May 31, 2023.
             Slain by Natasha (1 damage)
             ... on level 2 of the Dungeon.
             The game lasted 00:00:30 (984 turns).

qw the Shield-Bearer (Gargoyle Fighter)              Turns: 984, Time: 00:00:30

Health: 0/23       AC: 10    Str: 21    XL:     3   Next: 6%
Magic:  3/3        EV:  9    Int:  8    God:
Gold:   44         SH:  4    Dex:  9    Spells: 2/2 levels left

rFire   . . .        Y - +0 war axe
rCold   . . .        c - +0 buckler
rNeg    + . .        b - +0 scale mail
rPois   inf          (no helmet)
rElec   +            (no cloak)
rCorr   .            (no gloves)
SInv    .            (no boots)
Will    .....        (no amulet) Stlth
                     (no ring)
HPRegen 0.23/turn    (no ring)
MPRegen 0.08/turn

%: no passive effects
@: no status effects
A: sickness immunity, AC +3, negative energy resistance 1, electricity
resistance, torment resistance 1, petrification resistance
a: no special abilities


You were on level 2 of the Dungeon.
You visited 1 branch of the dungeon, and saw 2 of its levels.

You collected 44 gold pieces.


Innate Abilities, Weirdness & Mutations

You are immune to sickness and miasma.
Your stone body is resilient. (AC +3)
You are immune to poison.
You resist negative energy. (rN+)
You are resistant to electric shocks. (rElec)
You are resistant to unholy torment.
You are immune to petrification.


   Skills:
 - Level 3.2 Fighting
 + Level 3.1 Axes
 - Level 3.2 Armour
 - Level 3.2 Shields


You had 2 spell levels left.
You didn't know any spells.
Your spell library was empty.

Inventory:

Hand Weapons
 g - a +1 heavy mace
 Y - a +0 war axe (weapon)
Armour
 b - a +0 scale mail (worn)
 c - a +0 buckler (worn)
Scrolls
 a - a scroll of noise {unknown}
 i - a scroll of identify
Potions
 d - a potion of might
 e - a potion of curing
 f - a potion of berserk rage {unknown}

Dungeon Overview and Level Annotations

Branches:
Dungeon (2/15)

Altars:

Annotations:
D:2 Natasha


Message History

Natasha claws you.
The sleepcap releases spores at you but does no damage.
Natasha claws you.
You hit the sleepcap but do no damage.
The sleepcap is lightly damaged.
You hit Natasha. The sleepcap barely misses you.
Natasha zaps a wand.
The bolt of dispelling energy misses you.
The sleepcap releases spores at you. Natasha barely misses you.
You barely miss Natasha.
Natasha is moderately wounded.
You hit the sleepcap. The sleepcap closely misses you.
Natasha claws you but does no damage.
The sleepcap releases spores at you but does no damage.
Natasha claws you but does no damage.
You hit Natasha but do no damage.
Natasha is moderately wounded.
You hit the sleepcap but do no damage. The sleepcap closely misses you.
Natasha casts a spell.
The sleepcap releases spores at you. Natasha claws you but does no damage.
You completely miss Natasha.
Natasha is moderately wounded.
You hit the sleepcap. The sleepcap releases spores at you.
Natasha closely misses you.
The cerulean imp hits you from afar with a +1 spear.
The sleepcap barely misses you.
Natasha wildly gestures.
Natasha's front paws start to glow.
Natasha zaps a wand.
The bolt of dispelling energy hits you!
Your magical effects are unravelling.
You hit the sleepcap.
The sleepcap is moderately damaged.
You completely miss Natasha.
You feel yourself speed up. The cerulean imp barely misses you.
The sleepcap barely misses you.
Natasha casts a spell.
The cerulean imp barely misses you. The sleepcap barely misses you.
Natasha claws you.
You die...

...#.. ##.# #.##...##
#...# ....###...####....
.##.#...........[
###...............####
#....#.##...).##...... #
#..# #.##.###...$# ##...
#..###.##......5.#......
...##.....######@h..#
......###.# #.f..#
#.....###.# .5##...#
#.#.......# ..## #.<#
....#.....# .## ..
##.######....# . #.#
###.# #.# ..# #.#


You could see a sleepcap, Natasha and 2 cerulean imps.

Vanquished Creatures
  3 endoplasms (D:1)
  2 giant cockroaches (D:1)
  5 goblins (D:1)
  A hobgoblin (D:1)
  A quokka (D:1)
  A ball python (D:1)
  5 bats (D:1)
  A frilled lizard (D:1)
  A kobold (D:1)
  2 rats (D:1)
22 creatures vanquished.

Notes
Turn   | Place    | Note
-------+----------+-------------------------------------------
     0 | D:1      | qw the Gargoyle Fighter began the quest for the Orb.
     0 | D:1      | Reached XP level 1. HP: 14/14 MP: 1/1
     0 | D:1      | 0 ||| qw: Version: 0.2-a-102-gfc559e5
     0 | D:1      | 0 ||| qw: Game counter: 507
     0 | D:1      | 0 ||| qw: Always use a shield: true
     0 | D:1      | 0 ||| qw: God list: Okawaru
     0 | D:1      | 0 ||| qw: Allow faded altars: false
     0 | D:1      | 0 ||| qw: Do Orc after D:15 true
     0 | D:1      | 0 ||| qw: Do second Lair branch before Depths: true
     0 | D:1      | 0 ||| qw: Lair rune preference: random
     0 | D:1      | 0 ||| qw: Plans: Normal, Zot:1-4, Slime:5, God:TSO, Crypt,
                  | Tomb, Pan, Hells, Abyss, Win
     0 | D:1      | 0 ||| PLANNING D:1-11
   109 | D:1      | Reached XP level 2. HP: 18/19 MP: 2/2
   151 | D:1      | 151 ||| Stepping ~*~*~tactically~*~*~ (stealth).
   599 | D:1      | Reached skill level 3 in Axes
   762 | D:1      | Reached XP level 3. HP: 23/23 MP: 3/3
   927 | D:1      | 927 ||| READING scroll labelled VODAUV YCWYXO.
   931 | D:1      | 931 ||| READING 2 scrolls labelled CIRCHI JASYU.
   932 | D:1      | 932 ||| DRINKING 2 smoky green potions.
   975 | D:2      | Noticed Natasha
   983 | D:2      | HP: 1/23 [Natasha/bolt of dispelling energy (8)]
   984 | D:2      | Slain by Natasha

Levels and vault maps discovered:
D:1:      dpeg_arrival_pits, layout_basic
D:2:      layout_rooms, serial_shops, nicolae_shop_back_alley_shop,
          uniq_natasha, uniq_sigmund

Skill      XL: |  1  2 |
---------------+-------+-----
Axes           | 2 3 |  3.1
Fighting       | |  3.2
Armour         | |  3.2
Shields        | |  3.2

Action                     || total
---------------------------++-------
  Melee: War axe           ||    80
    Use: Scroll            ||     2
         Potion            ||     1
 Armour: Scale mail        ||    46
  Dodge: Dodged            ||    46
  Block: Buckler           ||    15

Table legend:
 A = Non-vault XP
 B = Vault XP
 C = Vault XP percentage of total XP
 D = Non-vault monster count
 E = Vault monster count
 F = Vault count percentage of total count
                 A         B        C        D         E       F
            +---------+---------+-------+---------+---------+-------
      Total |      37 |       0 |   0.0 |      22 |       0 |   0.0
            +---------+---------+-------+---------+---------+-------
        D:1 |      37 |       0 |   0.0 |      22 |       0 |   0.0
            +---------+---------+-------+---------+---------+-------
